 Dungeon Crawl Stone Soup version 0.26-a0-1177-g1209ec82b9 (webtiles) character file.

Game seed: 4683445406214790190

28149 vortex the Fighter (level 13, -5/115 HPs)
             Began as a Hill Orc Fire Elementalist on Dec 15, 2020.
             Was a Priest of the Shining One.
             Slain by a brown ugly thing (8 damage)
             ... on level 14 of the Dungeon on Dec 24, 2020.
             The game lasted 01:43:27 (25465 turns).

vortex the Fighter (Hill Orc Fire Elementalist)    Turns: 25465, Time: 01:43:28

Health: -5/115     AC:  5    Str: 15    XL:     13   Next: 37%
Magic:  9/24       EV: 18    Int: 25    God:    the Shining One [***...]
Gold:   1399       SH:  0    Dex: 23    Spells: 11/26 levels left

rFire    . . .     SeeInvis +   E - +7 dagger "Vabbaob" {vorpal, rC++ Dex+5}
rCold    + + .     Faith    .   (no shield)
rNeg     + + .     Spirit   .   G - +0 troll leather armour
rPois    .         Reflect  .   i - +0 helmet
rElec    .         Harm     .   n - +2 cloak
rCorr    .         Rampage  .   d - +0 pair of gloves {Dex+3}
Will     .....                  (no boots)
Stlth    +.........             F - amulet of the acrobat
HPRegen  0.69/turn              x - ring "Pecruet" {Str+3 Dex+4 Stlth-}
MPRegen  0.19/turn              c - ring "Zonemn" {rN+ Int+6 SInv}

@: corroded, glowing
A: no striking features
a: Renounce Religion, Divine Shield


You were on level 14 of the Dungeon.
You worshipped the Shining One.
The Shining One was most pleased with you.
You visited 2 branches of the dungeon, and saw 16 of its levels.
You also visited: Bailey.

You collected 2566 gold pieces.
You spent 1167 gold pieces at shops.

Inventory:

Hand Weapons
 E - the +7 dagger "Vabbaob" (weapon) {vorpal, rC++ Dex+5}
   (You bought it in a shop on level 11 of the Dungeon)

   It inflicts extra damage upon your enemies.
   It affects your dexterity (+5).
   It greatly protects you from cold.
Missiles
 f - 654 stones (quivered)
Armour
 d - a +0 pair of gloves of dexterity (worn)
 i - a +0 helmet (worn)
 n - a +2 cloak (worn)
 G - a +0 troll leather armour (worn)
Jewellery
 a - a cursed amulet of inaccuracy {unknown}
 c - the ring "Zonemn" (right hand) {rN+ Int+6 SInv}
   (You found it on level 10 of the Dungeon)

   [ring of intelligence]

   It affects your intelligence (+6).
   It protects you from negative energy.
   It lets you see invisible.
 k - a cursed -4 ring of protection {unknown}
 x - the ring "Pecruet" (left hand) {Str+3 Dex+4 Stlth-}
   (You found it on level 7 of the Dungeon)

   [ring of attention]

   It affects your strength (+3).
   It affects your dexterity (+4).
   It makes you less stealthy.
 F - an amulet of the acrobat (around neck)
Wands
 o - a wand of disintegration (12)
 B - a wand of acid (21)
 D - a wand of iceblast (2)
 J - a wand of enslavement (6)
Scrolls
 e - 3 scrolls of immolation
 h - 3 scrolls of teleportation
 l - 5 scrolls of enchant armour
 m - 3 scrolls of blinking
 p - 7 scrolls of enchant weapon
 r - a scroll of remove curse
 s - 3 scrolls of fear
 w - 2 scrolls of fog
 H - 3 scrolls of brand weapon
Potions
 b - 4 potions of might {unknown}
 g - 4 potions of brilliance {unknown}
 j - 3 potions of heal wounds
 q - 3 potions of curing
 t - 2 potions of mutation
 u - a potion of magic
 v - a potion of flight
 y - a potion of attraction
 z - 2 potions of ambrosia
 A - 2 potions of lignification
 C - a potion of haste
 I - a potion of resistance


   Skills:
 + Level 10.8 Fighting
 - Level 7.7 Dodging
 - Level 1.5 Stealth
 + Level 7.3 Spellcasting
 + Level 9.3 Conjurations
 + Level 10.4 Fire Magic
 + Level 3.3 Earth Magic
 + Level 8.2 Invocations
 + Level 6.2 Evocations


You had 11 spell levels left.
You knew the following spells:

 Your Spells              Type           Power        Failure   Level
a - Foxfire               Conj/Fire      100%         1%          1
c - Sticky Flame          Conj/Fire      55%          1%          4
f - Fireball              Conj/Fire      27%          3%          5
r - Lee's Rapid Deconstr  Erth           13%          50%         5

Your spell library contained the following spells:

 Spells                   Type           Power        Failure   Level
 Sandblast                Erth           52%          1%          1
 Conjure Flame            Conj/Fire      55%          1%          3
 Stone Arrow              Conj/Erth      80%          1%          3
 Inner Flame              Hex/Fire       35%          2%          3
 Static Discharge         Conj/Air       32%          3%          3
 Passwall                 Tmut/Erth      14%          6%          2
 Lightning Bolt           Conj/Air       16%          32%         5
 Petrify                  Tmut/Erth      17%          36%         4
 Orb of Destruction       Conj           27%          83%         7
 Spellforged Servitor     Conj/Summ      16%          100%        7
 Ignition                 Fire           28%          100%        8
 Shatter                  Erth           13%          100%        9
 Tornado                  Air            4%           100%        9


Dungeon Overview and Level Annotations

Branches:
Dungeon (15/15)            Temple (1/1) D:6            Lair (0/6) D:8
    Orc (0/2) D:11         Vaults (0/5) D:13         Bailey (visited)
 Depths: D:15

Altars:
Ashenzari
Cheibriados
Dithmenos
Elyvilon
Fedhas
Gozag
Hepliaklqana
Kikubaaqudgha
Makhleb
Nemelex Xobeh
Okawaru
Qazlal
Ru
Sif Muna
Trog
Uskayaw
Vehumet
Wu Jian
Xom
Yredelemnul
Zin
The Shining One

Shops:
D:4 =   D:5 =(   D:11 *

Annotations:
D:3 3 runed translucent doors, timneilson's ghost, amateur GrFi
D:6 2 transporters, Aerich's ghost, novice BaIE
D:10 2 transporters, Tarl's ghost, novice DrIE
D:11 1 runed translucent door, ThatOtherGuy53's ghost, journeyman HOFi


Message History

You are splashed with acid.
* * * LOW HITPOINT WARNING * * *
DEBUFFED: corroded,glowing You hit the brown ugly thing.
The brown ugly thing is severely wounded.
The white ugly thing burns!
The brown ugly thing burns! x2
The brown ugly thing stops burning.
The brown ugly thing closely misses you. x2
DEBUFFED: corroded,glowing
Casting: Sticky Flame (mildly dangerous; 1% risk of failure)
Confirm with . or Enter, or press ? or * to list all spells.
Aiming: Sticky Flame (mildly dangerous; 1% risk of failure)
Press: ? - help, Shift-Dir - straight line, f/p - brown ugly thing
Aim: a brown ugly thing (heavily wounded, haloed, 0% to evade)
The sticky flame hits the brown ugly thing!
The brown ugly thing is severely wounded.
The brown ugly thing is covered in liquid flames!
The white ugly thing burns!
The brown ugly thing burns! x2
The brown ugly thing misses you. The brown ugly thing gores you!
You die...

#.............# #.......#
#.............# #.......#
#...).........# #.......#
#.............# #...)...#
#.....).......# #.......#
#.......[.....# #.......#
#...<.........# #.......#
#.........u...# #.......#
#........u@u..# #.......#
#######.............#####.......#
................................#
....[...........................#
#################################


You could see 3 ugly things.

Vanquished Creatures
  Fannar (D:11)
  A hydra (D:11)
  A boulder beetle (D:11)
  5 two-headed ogres
  A skeletal warrior (D:15)
  2 unseen horrors
  A wizard (D:13)
  3 ugly things
  A manticore (D:12)
  3 cyclopes
  8 slime creatures
  Maurice (D:11)
  2 gargoyles
  2 komodo dragons
  3 kobold demonologists
  3 trolls
  3 meliai (D:13)
  A hornet (D:13)
  A wraith (D:7)
  Grum (D:11)
  21 yaks
  A wyvern (D:13)
  A vampire mosquito (D:11)
  2 water moccasins
  4 sky beasts
  A swamp drake (shapeshifter) (D:11)
  2 ice beasts
  A phantom (D:11)
  14 orc warriors
  An eye of draining (D:12)
  5 ogres
  2 black bears
  2 necrophages (D:7)
  2 wolves (D:11)
  6 centaurs
  6 big kobolds
  6 bullfrogs
  A wyvern zombie (D:11)
  7 scorpions
  A water moccasin skeleton (D:6)
  A troll zombie (D:7)
  26 wights
  7 killer bees
  5 electric eels (Bailey)
  A howler monkey (D:5)
  3 centaur zombies
  2 quasits
  A bullfrog zombie (D:13)
  2 centaur skeletons
  7 hounds
  6 jellies
  12 orc wizards
  4 bullfrog skeletons
  2 human zombies (D:7)
  5 orc priests
  A human skeleton (D:7)
  An iguana (D:11)
  9 worker ants
  An ogre zombie (D:7)
  A mummy (D:7)
  5 gnolls
  14 adders
  2 white imps (D:5)
  3 ufetubi
  An ooze (D:3)
  An adder zombie (D:5)
  An adder skeleton (D:4)
  3 worms
  2 dart slugs (D:2)
  4 leopard geckos
  51 orcs
  3 giant cockroaches
  21 goblins
  15 hobgoblins
  18 jackals
  20 kobolds
  3 quokkas
  7 bats
  4 frilled lizards
  An orc skeleton (D:7)
  2 orc zombies (D:7)
  7 rats
415 creatures vanquished.

Vanquished Creatures (collateral kills)
  An orc warrior (D:7)
  11 foxfires
12 creatures vanquished.

Vanquished Creatures (others)
  A human (D:10)
  1542 foxfires
  2 fungi (D:9)
  4 plants
1549 creatures vanquished.

Grand Total: 1976 creatures vanquished

Notes
Turn   | Place    | Note
-------+----------+-------------------------------------------
     0 | D:1      | vortex the Hill Orc Fire Elementalist began the quest for
                  | the Orb.
     0 | D:1      | Reached XP level 1. HP: 14/14 MP: 3/3
   431 | D:1      | Reached XP level 2. HP: 22/22 MP: 0/4
   618 | D:1      | Reached skill level 1 in Fighting
   986 | D:1      | Reached XP level 3. HP: 28/28 MP: 0/5
  1832 | D:2      | Found a bloodstained altar of Trog.
  1853 | D:2      | Reached XP level 4. HP: 35/35 MP: 2/7
  3008 | D:3      | Reached XP level 5. HP: 41/41 MP: 0/8
  3419 | D:3      | Noticed a water moccasin
  3427 | D:3      | Killed a water moccasin
  3428 | D:3      | Reached XP level 6. HP: 20/50 MP: 1/9
  3689 | D:3      | Found a runed translucent gate.
  3689 | D:3      | Found a runed translucent gate.
  3689 | D:3      | Found a runed translucent gate.
  3689 | D:3      | Noticed timneilson's ghost (amateur GrFi)
  3759 | D:4      | Learned a level 4 spell: Sticky Flame
  4173 | D:4      | Found Peagev's Jewellery Shoppe.
  4375 | D:4      | Learned a level 5 spell: Fireball
  4654 | D:5      | Entered Level 5 of the Dungeon
  4654 | D:5      | Noticed an ice beast
  4664 | D:4      | Killed an ice beast
  4764 | D:5      | Reached XP level 7. HP: 57/57 MP: 6/11
  5129 | D:5      | Reached skill level 5 in Fire Magic
  5443 | D:5      | Found Miwuxtoh's Weapon Shop.
  5611 | D:5      | Found Raehoyre's Jewellery Boutique.
  6194 | D:6      | Reached XP level 8. HP: 61/67 MP: 8/12
  6517 | D:6      | Found a staircase to the Ecumenical Temple.
  6526 | Temple   | Entered the Ecumenical Temple
  6685 | D:6      | Found a transporter.
  6688 | D:6      | Noticed Aerich's ghost (novice BaIE)
  6701 | D:6      | Found a transporter.
  7311 | D:6      | Reached skill level 5 in Fighting
  8156 | D:7      | Reached XP level 9. HP: 75/75 MP: 10/15
  8237 | D:7      | Reached skill level 5 in Conjurations
  9337 | D:7      | Identified a scroll of acquirement
  9337 | D:7      | Acquired 782 gold pieces
  9841 | D:7      | Reached skill level 5 in Dodging
 10082 | D:7      | Found a basalt altar of Yredelemnul.
 10419 | D:7      | Got a steaming brass ring
 10421 | D:7      | Identified the ring "Pecruet" {Str+3 Dex+4 Stlth-} (You
                  | found it on level 7 of the Dungeon)
 10591 | D:8      | Noticed a komodo dragon
 10630 | D:7      | Killed a komodo dragon
 10763 | D:8      | Found a staircase to the Lair.
 10879 | D:8      | Reached XP level 10. HP: 75/86 MP: 5/17
 11201 | D:8      | Found a white marble altar of Elyvilon.
 11377 | D:8      | Found a glowing silver altar of Zin.
 11507 | D:8      | Reached skill level 5 in Spellcasting
 12670 | D:9      | Got a slimy scale mail
 12681 | D:9      | Identified the cursed +1 scale mail "Rerghi" {Int+2} (You
                  | found it on level 9 of the Dungeon)
 13497 | D:9      | Found a glowing golden altar of the Shining One.
 13537 | D:9      | Found an ornate altar of the Wu Jian Council.
 13538 | D:9      | Found an ancient bone altar of Kikubaaqudgha.
 13641 | D:10     | Entered Level 10 of the Dungeon
 13757 | D:9      | Became a worshipper of the Shining One
 13856 | D:10     | Reached skill level 1 in Evocations
 14004 | D:10     | Upgraded the game from 0.26-a0-1086-g9010512d90 to
                  | 0.26-a0-1102-g347fe5baa7
 14094 | D:10     | Got a faintly glowing marble ring
 14098 | D:10     | Noticed Tarl's ghost (novice DrIE)
 14099 | D:10     | Found a transporter.
 14100 | D:10     | Identified the +4 dire flail of Quick Death {drain, *Slow
                  | Str+3 Int+4 Dex+4}
 14100 | D:10     | Noticed a two-headed ogre
 14103 | D:10     | Identified the ring "Zonemn" {rN+ Int+6 SInv} (You found it
                  | on level 10 of the Dungeon)
 14110 | D:10     | Found a transporter.
 14125 | D:10     | Acquired a book of the Tempests
 14180 | D:10     | Upgraded the game from 0.26-a0-1102-g347fe5baa7 to
                  | 0.26-a0-1139-g7d2dc893a1
 14299 | D:10     | Got a transparent leather armour
 14310 | D:10     | Identified the +3 leather armour of the Game Afoot {Stlth+}
                  | (You found it on level 10 of the Dungeon)
 14536 | D:10     | Got a translucent ring mail
 14547 | D:10     | Identified the +1 ring mail "Neam" {+Blink rElec rN+ Int-2}
                  | (You found it on level 10 of the Dungeon)
 14583 | D:10     | Found an ancient bone altar of Kikubaaqudgha.
 14736 | D:10     | Reached skill level 1 in Invocations
 14960 | D:10     | Reached * piety under the Shining One
 15199 | D:11     | Noticed a cyclops
 15305 | D:11     | Found Bishruari's Assorted Antiques.
 15393 | D:11     | Bought a glowing cloak for 262 gold pieces
 15393 | D:11     | Bought a steaming dagger for 245 gold pieces
 15393 | D:11     | Bought a scroll of fear for 122 gold pieces
 15393 | D:11     | Bought a scroll of immolation for 122 gold pieces
 15393 | D:11     | Bought a scroll of identify for 70 gold pieces
 15393 | D:11     | Bought a scroll of identify for 70 gold pieces
 15393 | D:11     | Bought 2 scrolls of identify for 140 gold pieces
 15393 | D:11     | Bought 3 scrolls labelled XEGA BUDINAORR for 105 gold
                  | pieces
 15393 | D:11     | Bought a glowing golden potion for 31 gold pieces
 15408 | D:11     | Identified the +7 dagger "Vabbaob" {vorpal, rC++ Dex+5}
                  | (You bought it in a shop on level 11 of the Dungeon)
 15572 | D:11     | Found a staircase to the Orcish Mines.
 15756 | D:11     | Noticed Grum
 15776 | D:11     | Killed Grum
 15919 | D:11     | Killed a cyclops
 15920 | D:11     | Reached XP level 11. HP: 70/95 MP: 4/19
 16100 | D:11     | Got an opalescent robe
 16111 | D:11     | Identified the +1 robe "Zolest Aciaq" {Will+ Dex+2} (You
                  | found it on level 11 of the Dungeon)
 16134 | D:11     | Noticed a six-headed hydra
 16136 | D:11     | Noticed a cyan ugly thing
 16147 | D:11     | Killed a six-headed hydra
 16266 | D:11     | Noticed an unseen horror
 16269 | D:11     | Killed an unseen horror
 16382 | D:11     | Killed a cyan ugly thing
 16508 | D:11     | Found a runed translucent door.
 16516 | D:11     | Noticed ThatOtherGuy53's ghost (journeyman HOFi)
 16571 | D:11     | Noticed Maurice
 16577 | D:11     | Killed Maurice
 17216 | D:11     | Noticed Fannar
 17311 | D:11     | Killed Fannar
 17399 | D:11     | Noticed a boulder beetle
 17402 | D:11     | Got an ichor-stained flail
 17413 | D:11     | Identified the cursed +0 flail "Goigia" {flame, rElec rPois
                  | SInv} (You found it on level 11 of the Dungeon)
 17458 | D:11     | Killed a boulder beetle
 18075 | D:11     | Reached skill level 5 in Invocations
 18249 | D:11     | Reached ** piety under the Shining One
 18431 | D:12     | Found a flagged portal.
 18440 | Bailey   | Entered a bailey
 19229 | Bailey   | Identified the +3 scale mail of Instinct {rCorr}
 19293 | Bailey   | Found an iron altar of Okawaru.
 19406 | Bailey   | Reached XP level 12. HP: 105/105 MP: 10/21
 19784 | Bailey   | Acquired 687 gold pieces
 20827 | D:12     | Noticed a two-headed ogre
 20834 | D:12     | Killed a two-headed ogre
 20878 | D:12     | Reached skill level 10 in Fighting
 20998 | D:12     | Reached skill level 5 in Evocations
 21298 | D:12     | Learned a level 5 spell: Lee's Rapid Deconstruction
 21374 | D:12     | Found the +10 dark maul {vorpal}
 21836 | D:12     | Reached skill level 1 in Earth Magic
 22499 | D:13     | Noticed a two-headed ogre
 22740 | D:13     | Killed a two-headed ogre
 22741 | D:13     | Reached skill level 10 in Fire Magic
 22885 | D:13     | Noticed a two-headed ogre
 22894 | D:13     | Killed a two-headed ogre
 23086 | D:12     | Reached XP level 13. HP: 51/114 MP: 1/23
 23286 | D:13     | Reached *** piety under the Shining One
 24093 | D:13     | Found a gate to the Vaults.
 24106 | D:13     | Upgraded the game from 0.26-a0-1139-g7d2dc893a1 to
                  | 0.26-a0-1177-g1209ec82b9
 24262 | D:14     | Identified the Catalogue of Arcane Weapons
 24394 | D:14     | You fall into a shaft and drop 1 floor!
 24394 | D:15     | Entered Level 15 of the Dungeon
 25463 | D:14     | HP: 2/115 [acid (6)]
 25465 | D:14     | Slain by a brown ugly thing

Illustrated notes

Levels and vault maps discovered:
D:1:      dpeg_arrival_long_road, layout_rooms, minmay_tromino_v4_b
D:2:      layout_rooms, serial_aquarium, aquarium_bridge_square
          [aquarium_subvault_window, aquarium_subvault_balcony,
          aquarium_subvault_bridge, aquarium_subvault_window],
          aquarium_bridge_square [aquarium_subvault_wall,
          aquarium_subvault_wall, aquarium_subvault_bridge,
          aquarium_subvault_bridge], aquarium_window_fake,
          aquarium_window_corner, aquarium_window_1, aquarium_window_3,
          aquarium_view_2b, aquarium_balcony_1b, trog_hazing_becter
D:3:      layout_basic, gammafunk_ghost_necromancy
D:4:      layout_basic, serial_shops, shop, dk_noncrumbling_2
D:5:      layout_basic, serial_glass, glass_columns_a, glass_columns_b,
          glass_columns_c, glass_columns_b, glass_columns_c, glass_columns_a,
          serial_shops, nicolae_shop_temple_entry_statues_fountains,
          kennysheep_mini_moat
D:6:      layout_gridville, minmay_temple_entry_glass,
          gammafunk_ghost_stat_death, grunt_ministairs_5
D:7:      layout_layer_cave, lemuel_mausoleum_altar_yredelemnul
D:8:      layout_loops_corners, marbit_many_paths,
          lemuel_coloured_pillars_altar, david_lair_shrubbed
D:9:      old_forge, layout_stronghold, tso_altar,
          gammafunk_temple_overflow_statue
D:10:     layout_cave_pools, gammafunk_ghost_smash, tgw_kikubaaqudgha
D:11:     layout_roguey, david_orc_2, ebering_ghost_reflecting_pool,
          serial_shops, shop, wad_mini_maze, uniq_fannar, uniq_grum,
          uniq_maurice
D:12:     layout_cave_pools, enter_bailey_7, st_stairs_1,
          nicolae_straight_to_the_point
D:13:     layout_long_grid, david_vaults_1, gauntlet_entry_generic
D:14:     layout_long_grid
D:15:     grunt_enter_depths_magical_seal, layout_loops_cross, abandoned_shop,
          minivault_25_ag
Temple:   nicolae_temple_elliptical

Skill      XL: |  1  2  3  4  5  6  7  8  9 10 11 12 13 |
---------------+----------------------------------------+-----
Fighting       | 1 2 3 4 5 7 8 9 10 | 10.8
Dodging        | 2 3 4 5 6 7 |  7.7
Spellcasting   | 2 3 4 5 6 7 |  7.3
Conjurations   | 2 3 4 6 7 8 9 |  9.3
Fire Magic     | 4 5 6 7 8 9 10 | 10.4
Evocations     | 2 4 5 6 |  6.2
Invocations    | 2 5 7 8 |  8.2
Earth Magic    | 2 3 |  3.3
Stealth        | |  1.5

Action                   |  1- 3 |  4- 6 |  7- 9 | 10-12 | 13-15 || total
-------------------------+-------+-------+-------+-------+-------++-------
Melee: Dagger            |    76 |     8 |       |   123 |    51 ||   258
       Morningstar       |       |     4 |    57 |    23 |       ||    84
Throw: Stone             |     4 |     1 |       |     1 |     1 ||     7
 Cast: Foxfire           |    69 |   106 |   262 |   415 |    34 ||   886
       Sticky Flame      |       |       |    19 |   103 |    21 ||   143
       Fireball          |       |       |       |    66 |    27 ||    93
Invok: Divine Shield     |       |       |       |     1 |       ||     1
Evoke: Wand              |       |       |       |    15 |     1 ||    16
  Use: Potion            |     1 |     2 |     3 |     3 |       ||     9
       Scroll            |       |     3 |    10 |    16 |     1 ||    30
 Stab: Sleeping          |       |     3 |     9 |       |       ||    12
Armor: Robe              |    33 |       |       |       |       ||    33
       Skin              |     5 |       |    10 |       |       ||    15
       Leather armour    |       |    13 |    34 |    13 |       ||    60
       Troll leather arm |       |       |       |    28 |     4 ||    32
Dodge: Dodged            |    54 |    21 |    96 |   262 |    61 ||   494
       Repelled          |       |       |       |     1 |     1 ||     2
Block: Other             |       |       |       |     2 |       ||     2

Table legend: (Time is in decaauts)
 A = Elapsed time spent in this place.
 B = Non-inter-level travel time spent in this place.
 C = Inter-level travel time spent in this place.
 D = Time resting spent in this place.
 E = Time spent auto-exploring this place.
 F = Levels seen in this place.
 G = Mean time per level.
                   A        B        C        D        E       F      G
               +--------+--------+--------+--------+--------+-----+--------+
         Total |  25573 |  24028 |   1545 |     73 |  21001 |  17 | 1504.3 |
       Dungeon |  23969 |  22435 |   1534 |     73 |  19711 |  15 | 1597.9 |
        Temple |    138 |    127 |     11 |      0 |    116 |   1 |  138.0 |
        Bailey |   1465 |   1465 |      0 |      0 |   1174 |   1 | 1465.0 |
               +--------+--------+--------+--------+--------+-----+--------+

Top non-repeatable levels by time:
    D:11: 3990 daAuts
     D:7: 2579 daAuts
     D:6: 2271 daAuts
    D:12: 1751 daAuts
     D:9: 1735 daAuts
     D:8: 1603 daAuts
    D:10: 1478 daAuts
  Bailey: 1465 daAuts
    D:13: 1419 daAuts
     D:3: 1270 daAuts
     D:1: 1247 daAuts
     D:2: 1232 daAuts
    D:14: 1187 daAuts
     D:5: 1067 daAuts
     D:4: 993 daAuts
